 Dungeon Crawl Stone Soup version 0.29.1-1-gd02db69 (webtiles) character file.

Game seed: 3804172171379322679

1624 samcosmo the Sneak (level 9, 0/52 HPs)
             Began as a Kobold Enchanter on Apr 27, 2023.
             Was a Follower of Dithmenos.
             Slain by a gnoll
             ... wielding a +2 flail of protection
              (8 damage)
             ... on level 6 of the Dungeon.
             The game lasted 00:18:37 (7110 turns).

samcosmo the Sneak (Kobold Enchanter)               Turns: 7110, Time: 00:18:39

Health: 0/52       AC:  3    Str:  6    XL:     9   Next: 17%
Magic:  4/13       EV: 18    Int: 16    God:    Dithmenos [*.....]
Gold:   340        SH:  0    Dex: 19    Spells: 3/14 levels left

rFire   . . .      SeeInvis .   f - +2 dagger (venom)
rCold   . . .      Faith    .   (no shield)
rNeg    . . .      Spirit   .   b - +1 robe
rPois   .          Reflect  .   (no helmet)
rElec   .          Harm     .   (no cloak)
rCorr   .          Rampage  .   (no gloves)
Will    .....                   (no boots)
Stlth   ++++++....              (no amulet)
HPRegen 0.17/turn               (no ring)
MPRegen 0.13/turn               (no ring)

@: lethally poisoned (0 -> -10), about to teleport, very slightly contaminated,
wreathed by umbra
A: small, no large weapons, nightstalker 3
a: Renounce Religion


You were on level 6 of the Dungeon.
You worshipped Dithmenos.
Dithmenos was aware of your devotion.
You visited 2 branches of the dungeon, and saw 7 of its levels.

You collected 340 gold pieces.

Inventory:

Hand Weapons
 a - a +1 dagger
 f - a +2 dagger of venom (weapon)
 g - a +2 dagger of speed
 n - a +3 dagger
 r - a +2 short sword of speed
Armour
 b - a +1 robe (worn)
Jewellery
 d - a ring of ice
Wands
 t - a wand of roots (2)
Scrolls
 i - 2 scrolls of fear
 o - a scroll of blinking
 s - a scroll of butterflies {unknown}
Potions
 c - 2 potions of invisibility
 e - 2 potions of degeneration
 h - a potion of might
 k - 2 potions of lignification
 l - a potion of resistance
 m - 2 potions of mutation {unknown}
 p - 2 potions of heal wounds {unknown}
 q - a potion of cancellation {unknown}


   Skills:
 + Level 4.4 Fighting
 + Level 5.6 Short Blades
 + Level 5.6 Dodging
 + Level 7.5 Stealth
 - Level 3.0 Spellcasting
 * Level 7.1 Hexes


You had 3 spell levels left.
You knew the following spells:

 Your Spells              Type           Power      Damage    Failure   Level
a - Confusing Touch       Hex            25%        N/A       3%          3
b - Tukima's Dance        Hex            25%        N/A       3%          3
c - Ensorcelled Hibernat  Hex/Ice        26%        N/A       7%          2
d - Dazzling Flash        Conj/Hex       26%        N/A       13%         3

Your spell library contained the following spells:

 Spells                   Type           Power      Damage    Failure   Level
 Poisonous Vapours        Pois/Air       4%         N/A       28%         2
 Corpse Rot               Necr/Pois/Air  2%         N/A       88%         4


Dungeon Overview and Level Annotations

Branches:
Dungeon (6/15)             Temple (1/1) D:4

Altars:
Cheibriados
Dithmenos
Elyvilon
Gozag
Makhleb
Nemelex Xobeh
Okawaru
Ru
Sif Muna
Trog
Vehumet
Wu Jian
Xom
The Shining One

Shops:
D:2 =(


Innate Abilities, Weirdness & Mutations

You are small and have problems with some larger weapons.
You are completely attuned to the shadows.


Message History

The orc priest appears confused.
The kobold brigand barely misses you.
A kobold comes into view. It is wielding a +0 dagger.
The gnoll closely misses you.
The orc priest misses the orc priest.
You hit the orc priest.
The orc priest is poisoned.
The orc priest is lightly wounded.
The hobgoblin is no longer blind.
The kobold brigand hits you with a +0 club!
An orc wizard comes into view. It is wielding a +0 dagger.
The orc priest barely misses you.
You strike the helpless orc priest from behind!
You impale the orc priest!!
You kill the orc priest!
Dithmenos accepts your kill. The kobold brigand misses you.
The gnoll barely misses you. x2
Unknown command.
As you read the scroll of teleportation, it crumbles to dust.
You feel strangely unstable.
The orc priest hits you with a +0 short sword.
The kobold brigand completely misses you.
The gnoll misses you. The gnoll completely misses you.
Casting: Confusing Touch (dangerous; 3% risk of failure)
Confirm with . or Enter, or press ? or * to list all spells.
Casting: Dazzling Flash (dangerous; 13% risk of failure)
Press: ? - help, Dir - look around, f - activate You miscast Dazzling Flash.
You are very lightly contaminated with residual magic.
Nothing appears to happen.
The kobold is no longer blind.
The orc priest mumbles some strange prayers to Beogh against you.
Pain shoots through your body! The kobold brigand closely misses you.
The gnoll hits you from afar with a +3 halberd of venom!
* * * LOW HITPOINT WARNING * * *
You are lethally poisoned!
The gnoll completely misses you. The gnoll closely misses you.
The kobold brigand attacks as you move away!
The kobold brigand misses you. The kobold attacks as you move away!
The kobold barely misses you.
* * * LOW HITPOINT WARNING * * *
You feel very sick.
The gnoll hits you with a +2 flail of protection!
You die...

#..#....#♣.♣.......
#..#..$.#♣♣........
#..#....#♣P♣[..##..
#..#....#PPP)....##
#..'....#..........
#..'....#..........
#[.#....#♣PP.......
#..#....#♣♣........
#.@#)$..#♣PP.......
#go#######♣....##..


#KKOgh. #.PP..###. #ggog.. #♣♣...# #. #.K.... ♣PP..# ## #...... #♣...## ##
#....# #. #....# #. #♣♣..# #. You could see a kobold brigand, an ogre, an orc
priest, an orc wizard, 3 gnolls, a hobgoblin and 2 kobolds.

Vanquished Creatures
  Sigmund (D:2)
  A sky beast (D:6)
  A centaur (D:6)
  2 ogres
  A kobold brigand (D:6)
  2 scorpions
  2 necrophages (D:6)
  2 orc priests (D:6)
  5 hounds
  A jelly (D:6)
  6 iguanas
  Jessica (D:2)
  4 orc wizards (D:6)
  10 gnolls
  8 adders
  A white imp (D:6)
  An ufetubus (D:5)
  2 worms
  2 dart slugs
  15 orcs
  7 ball pythons
  4 endoplasms
  4 goblins
  5 hobgoblins
  A quokka (D:1)
  3 bats
  7 frilled lizards
  14 kobolds
  7 rats
120 creatures vanquished.

Vanquished Creatures (others)
  A gnoll (D:6)
  An orc (D:6)
  A quokka (D:6)
  20 plants (D:6)
23 creatures vanquished.

Grand Total: 143 creatures vanquished

Notes
Turn   | Place    | Note
-------+----------+-------------------------------------------
     0 | D:1      | samcosmo the Kobold Enchanter began the quest for the Orb.
     0 | D:1      | Reached XP level 1. HP: 10/10 MP: 3/3
   405 | D:1      | Reached XP level 2. HP: 16/16 MP: 5/5
  1131 | D:2      | Reached XP level 3. HP: 20/20 MP: 6/6
  1184 | D:2      | Noticed Jessica
  1193 | D:2      | Killed Jessica
  1194 | D:2      | Reached skill level 1 in Fighting
  1194 | D:2      | Reached XP level 4. HP: 19/25 MP: 7/7
  1347 | D:2      | Found Omekez's Weapon Boutique.
  1348 | D:2      | Noticed Sigmund
  1362 | D:2      | Killed Sigmund
  1363 | D:2      | Reached skill level 5 in Stealth
  1363 | D:2      | Reached XP level 5. HP: 21/30 MP: 7/9
  1363 | D:2      | Reached XP level 6. HP: 24/35 MP: 7/10
  1680 | D:2      | Found Imaehimp's One-of-a-Kind Rings.
  1706 | D:2      | Learned a level 3 spell: Confusing Touch
  1710 | D:2      | Learned a level 3 spell: Tukima's Dance
  2955 | D:3      | Found a shimmering blue altar of Sif Muna.
  3062 | D:3      | Found a sparkling altar of Nemelex Xobeh.
  3592 | D:3      | Found an iron altar of Okawaru.
  3864 | D:4      | Reached XP level 7. HP: 40/40 MP: 11/11
  3875 | D:4      | Learned a level 2 spell: Ensorcelled Hibernation
  3879 | D:4      | Learned a level 3 spell: Dazzling Flash
  3952 | D:4      | Reached skill level 5 in Hexes
  3994 | D:4      | Found a staircase to the Ecumenical Temple.
  4000 | Temple   | Entered the Ecumenical Temple
  4037 | Temple   | Became a worshipper of Dithmenos the Shadowed
  4191 | D:5      | Entered Level 5 of the Dungeon
  4231 | D:5      | Found an ornate altar of the Wu Jian Council.
  4497 | D:5      | Found a bloodstained altar of Trog.
  5336 | D:6      | Reached XP level 8. HP: 46/46 MP: 9/12
  5374 | D:6      | Found a white marble altar of Elyvilon.
  5806 | D:6      | Found a shimmering altar of Xom.
  6034 | D:6      | Reached skill level 5 in Short Blades
  6034 | D:6      | Reached skill level 5 in Dodging
  6125 | D:5      | Reached * piety under Dithmenos
  6582 | D:6      | Reached XP level 9. HP: 50/52 MP: 2/13
  7110 | D:6      | Slain by a gnoll

Illustrated notes

Levels and vault maps discovered:
D:1:      nzn_arrival_settlement, layout_basic
D:2:      wad_crossroads, layout_rooms, serial_shops,
          nicolae_shop_bloodbath_and_beyond, nicolae_shop_unique_rings,
          kennysheep_donut, hex_intersection, guppyfry_early_lair_pool,
          uniq_jessica, uniq_sigmund
D:3:      layout_loops_corners, mainiacjoe_overflow_six_doors_small,
          nicolae_sif_muna_condensation, okawaru_altar_gauntlet_db
D:4:      kennysheep_the_goblin_king, layout_basic, minmay_temple_entry_trees
D:5:      layout_basic, old_standard_altar, amcnicky_altar_gilded,
          kennysheep_generic_room_4
D:6:      kennysheep_housing_project, layout_cave_pools, kennysheep_little_box,
          elyvilon_altar_4
Temple:   nicolae_temple_great_sept

Skill      XL: |  1  2  3  4  5  6  7  8  9 |
---------------+----------------------------+-----
Fighting       | 1 2 3 4 |  4.4
Short Blades   | 2 3 4 5 |  5.6
Dodging        | 3 4 5 |  5.6
Stealth        | 5 6 7 |  7.5
Spellcasting   | 3 |  3.0
Hexes          | 4 5 6 7 |  7.1

Action                   |  1- 3 |  4- 6 |  7- 9 || total
-------------------------+-------+-------+-------++-------
Melee: Dagger            |    38 |   101 |   198 ||   337
       Punch             |       |     1 |     3 ||     4
 Cast: Confusing Touch   |       |       |    13 ||    13
       Ensorcelled Hiber |       |       |    17 ||    17
       Dazzling Flash    |       |       |     6 ||     6
  Use: Potion            |       |     1 |     2 ||     3
       Scroll            |       |    10 |     6 ||    16
 Stab: Sleeping          |    14 |    21 |    25 ||    60
       Invisible         |       |     2 |     3 ||     5
       Distracted        |       |     1 |     1 ||     2
       Confused          |       |       |    14 ||    14
Armor: Robe              |     2 |     5 |     8 ||    15
Dodge: Dodged            |    11 |    36 |   138 ||   185
